 Dungeon Crawl Stone Soup version 0.23-a0-296-ga3b1b28 (webtiles) character file.

168 Ijustatesigmund the Conjurer (level 5, 0/31 HPs)
             Began as an Octopode Conjurer on Oct 5, 2018.
             Succumbed to an adder's poison
             ... on level 3 of the Dungeon.
             The game lasted 00:05:37 (2472 turns).

Ijustatesigmund the Conjurer (Octopode Conjurer)    Turns: 2472, Time: 00:05:38

Health: 0/31       AC:  1    Str: 13    XL:     5   Next: 49%
Magic:  2/8        EV: 19    Int: 17    God:
Gold:   100        SH:  0    Dex: 18    Spells: 2/8 levels left

rFire    . . .     SeeInvis .   c - +2 mace
rCold    . . .     Gourm    .   (no shield)
rNeg     . . .     Faith    .   (helmet restricted)
rPois    .         Spirit   .   (no amulet)
rElec    .         Reflect  .   (no ring)
rCorr    .         Harm     .   (no ring)
MR       .....                  (no ring)
Stlth    ++++......             (no ring)
HPRegen  0.10/turn              (no ring)
MPRegen  0.11/turn              (no ring)
                                (no ring)
                                (no ring)

@: mighty, agile, lethally poisoned (0 -> -5), berserk cooldown, slowed, very
slow
A: almost no armour, stealthy swim, amphibious, 8 rings, constrict 8, camouflage
1, gelatinous body 1
a: no special abilities


You were on level 3 of the Dungeon.
You were not hungry.

You visited 1 branch of the dungeon, and saw 3 of its levels.

You collected 100 gold pieces.

Inventory:

Hand Weapons
 c - a +2 mace (weapon)
 j - a +0 dagger of flaming
Armour
 f - a +0 shield
Scrolls
 a - 2 scrolls of remove curse
 e - a scroll of teleportation
Potions
 d - a potion of flight
Comestibles
 b - 4 rations
 k - a chunk of flesh


   Skills:
 + Level 2.9 Maces & Flails
 - Level 2.0 Dodging
 - Level 2.6 Stealth
 - Level 2.0 Spellcasting
 - Level 5.0 Conjurations
 + Level 2.5 Hexes


You had 2 spell levels left.
You knew the following spells:

 Your Spells              Type           Power        Failure   Level  Hunger
a - Magic Dart            Conj           ###.         2%          1    #......
b - Searing Ray           Conj           ###...       3%          2    ###....
c - Dazzling Spray        Conj/Hex       ##....       12%         3    ###....

Your spell library contained the following spells:

 Spells                   Type           Power        Failure   Level  Hunger
 Iskenderun's Mystic Bla  Conj           ###.....     24%         4    #####..
 Fulminant Prism          Conj/Hex       ##........   38%         4    #####..
 Force Lance              Conj/Tloc      ##......     56%         4    #####..


Dungeon Overview and Level Annotations

Branches:
Dungeon (3/15)

Altars:
Qazlal
The Shining One


Innate Abilities, Weirdness & Mutations

You cannot wear most types of armour.
You are very stealthy in the water. (Stealth+)
You are amphibious.
You can wear up to eight rings at the same time.
You can use your tentacles to constrict eight enemies at once.
Your skin changes colour to match your surroundings (Stealth+).
Your rubbery body absorbs attacks. (AC +1, EV +1)


Message History

You hit the adder.
You kill the adder!
You are too berserk!
* * * LOW HITPOINT WARNING * * *
You feel sick.
You feel a strong urge to attack something.
* * * LOW HITPOINT WARNING * * *
You feel sick.
You feel your anger nearly subside.
You are too berserk!
You are no longer berserk.
You are exhausted.
You feel yourself slow down.
It was a potion of agility.
You feel agile all of a sudden.
* * * LOW HITPOINT WARNING * * *
You feel sick.
It was a potion of might.
You feel very mighty all of a sudden.
You die...

#.# #.# #.# #.#
#)# #### #.# .o.#
#)# ##.# #)#
#†#############@#
#........)......#
#################


There were no monsters in sight!

Vanquished Creatures
  An orc priest (D:3)
  An orc wizard (D:3)
  4 adders
  A worm (D:2)
  3 dart slugs (D:2)
  A leopard gecko (D:1)
  7 orcs (D:3)
  4 giant cockroaches
  4 goblins
  5 hobgoblins (D:2)
  4 jackals (D:1)
  A quokka (D:2)
  2 ball pythons
  A bat (D:1)
  3 frilled lizards
  10 kobolds
  7 rats
59 creatures vanquished.

Notes
Turn   | Place    | Note
-------+----------+-------------------------------------------
     0 | D:1      | Ijustatesigmund the Octopode Conjurer began the quest for
                  | the Orb.
     0 | D:1      | Reached XP level 1. HP: 11/11 MP: 3/3
   373 | D:1      | Reached XP level 2. HP: 17/17 MP: 0/5
   377 | D:1      | Learned a level 2 spell: Searing Ray
  1055 | D:2      | Reached XP level 3. HP: 21/21 MP: 3/6
  1170 | D:2      | Reached skill level 1 in Maces & Flails
  1221 | D:2      | Reached skill level 5 in Conjurations
  1230 | D:2      | Learned a level 3 spell: Dazzling Spray
  1837 | D:2      | Reached XP level 4. HP: 27/27 MP: 3/7
  1901 | D:2      | Reached skill level 1 in Hexes
  2023 | D:2      | Found a stormy altar of Qazlal.
  2221 | D:3      | Found a glowing golden altar of the Shining One.
  2376 | D:3      | Reached XP level 5. HP: 30/31 MP: 4/8
  2466 | D:3      | HP: 2/46 [poisoned by an adder]
  2471 | D:3      | HP: 1/31 [poisoned by an adder]
  2472 | D:3      | Succumbed to an adder's poison

Vault maps used:
D:1:      sevenhm_arrival_forest_fort_large_4, minmay_misc_feat_iff
D:2:      nicolae_qazlal_eye_of_the_storm
D:3:      grunt_gozag_breadcrumbs, tgw_trog, tso_metal_star,
          nicolae_overflow_hidden_temple, minmay_misc_feat_diagonals

Skill      XL: |  1  2  3  4 |
---------------+-------------+-----
Maces & Flails | 1 2 |  2.9
Conjurations   | 5 |  5.0
Hexes          | 2 |  2.5
Dodging        | |  2.0
Stealth        | |  2.6
Spellcasting   | |  2.0

Action                   |  1- 3 |  4- 6 || total
-------------------------+-------+-------++-------
Melee: Unarmed           |     9 |       ||     9
       Short sword       |    13 |       ||    13
       Constrict         |     7 |     5 ||    12
       Tentacles         |     2 |     3 ||     5
       Mace              |    12 |    20 ||    32
 Cast: Magic Dart        |    64 |    37 ||   101
       Searing Ray       |       |     1 ||     1
  Use: Scroll            |     5 |     2 ||     7
       Potion            |       |     3 ||     3
 Stab: Sleeping          |     3 |     1 ||     4
  Eat: Chunk             |     4 |     2 ||     6
Armor: Skin              |     6 |     1 ||     7
Dodge: Dodged            |    43 |    22 ||    65

Table legend:
 A = Non-vault XP
 B = Vault XP
 C = Vault XP percentage of total XP
 D = Non-vault monster count
 E = Vault monster count
 F = Vault count percentage of total count
                 A         B        C        D         E       F
            +---------+---------+-------+---------+---------+-------
      Total |     241 |       0 |   0.0 |      59 |       0 |   0.0
            +---------+---------+-------+---------+---------+-------
        D:1 |      28 |       0 |   0.0 |      19 |       0 |   0.0
        D:2 |      64 |       0 |   0.0 |      26 |       0 |   0.0
        D:3 |     149 |       0 |   0.0 |      14 |       0 |   0.0
            +---------+---------+-------+---------+---------+-------
